 Dungeon Crawl Stone Soup version 0.29.1-2-gbd0b4ee654 (webtiles) character file.

Game seed: 17772256316094296381

26 bangthe0 the Shield-Bearer (level 2, 27/27 HPs)
             Began as a Minotaur Fighter on Nov 28, 2022.
             Quit the game on level 1 of the Dungeon.
             The game lasted 00:01:31 (896 turns).

bangthe0 the Shield-Bearer (Minotaur Fighter)        Turns: 896, Time: 00:01:32

Health: 27/27      AC:  7    Str: 20    XL:     2   Next: 89%
Magic:  1/1        EV:  9    Int:  5    God:
Gold:   72         SH:  4    Dex:  9    Spells: 1/1 levels left

rFire   . . .      SeeInvis .   a - +0 war axe
rCold   . . .      Faith    .   c - +0 buckler
rNeg    . . .      Spirit   .   b - +0 scale mail
rPois   .          Reflect  .   (helmet restricted)
rElec   .          Harm     .   (no cloak)
rCorr   .          Rampage  .   (no gloves)
Will    .....                   (no boots)
Stlth   ..........              (no amulet)
HPRegen 0.09/turn               (no ring)
MPRegen 0.07/turn               (no ring)

@: very slow
A: horns 2, retaliatory headbutt
a: no special abilities


You were on level 1 of the Dungeon.
You visited 1 branch of the dungeon, and saw 1 of its levels.

You collected 72 gold pieces.

Inventory:

Hand Weapons
 a - a +0 war axe (weapon)
Armour
 b - a +0 scale mail (worn)
 c - a +0 buckler (worn)
Scrolls
 e - a scroll of enchant weapon {unknown}
 f - a scroll of vulnerability {unknown}
 g - a scroll of amnesia {unknown}
 h - a scroll of teleportation {unknown}
 i - a scroll of immolation {unknown}
Potions
 d - a potion of might


   Skills:
 + Level 4.0 Fighting
 + Level 3.0 Axes
 + Level 4.0 Armour
 + Level 4.0 Shields


You had one spell level left.
You didn't know any spells.
Your spell library was empty.

Dungeon Overview and Level Annotations

Branches:
Dungeon (1/15)

Altars:


Innate Abilities, Weirdness & Mutations

You have a pair of horns on your head.
You reflexively headbutt those who attack you in melee.


Message History

Lua error: [string "/dgldir/rcfiles/crawl-0.29/bangthe0.rc"]:22: Cannot currently process new keys (there is pending input) Partly explored, can't reach some places.
Lua error: [string "/dgldir/rcfiles/crawl-0.29/bangthe0.rc"]:22: Cannot currently process new keys (there is pending input) Partly explored, can't reach some places.
Lua error: [string "/dgldir/rcfiles/crawl-0.29/bangthe0.rc"]:22: Cannot currently process new keys (there is pending input) Partly explored, can't reach some places.
Lua error: [string "/dgldir/rcfiles/crawl-0.29/bangthe0.rc"]:22: Cannot currently process new keys (there is pending input) Partly explored, can't reach some places.
Lua error: [string "/dgldir/rcfiles/crawl-0.29/bangthe0.rc"]:22: Cannot currently process new keys (there is pending input) Partly explored, can't reach some places.
Lua error: [string "/dgldir/rcfiles/crawl-0.29/bangthe0.rc"]:22: Cannot currently process new keys (there is pending input) Partly explored, can't reach some places.
Lua error: [string "/dgldir/rcfiles/crawl-0.29/bangthe0.rc"]:22: Cannot currently process new keys (there is pending input) Partly explored, can't reach some places.
Lua error: [string "/dgldir/rcfiles/crawl-0.29/bangthe0.rc"]:22: Cannot currently process new keys (there is pending input) Partly explored, can't reach some places.
Lua error: [string "/dgldir/rcfiles/crawl-0.29/bangthe0.rc"]:22: Cannot currently process new keys (there is pending input) Partly explored, can't reach some places.
Lua error: [string "/dgldir/rcfiles/crawl-0.29/bangthe0.rc"]:22: Cannot currently process new keys (there is pending input) Partly explored, can't reach some places.
Lua error: [string "/dgldir/rcfiles/crawl-0.29/bangthe0.rc"]:22: Cannot currently process new keys (there is pending input) Partly explored, can't reach some places.
Lua error: [string "/dgldir/rcfiles/crawl-0.29/bangthe0.rc"]:22: Cannot currently process new keys (there is pending input) Partly explored, can't reach some places.
Lua error: [string "/dgldir/rcfiles/crawl-0.29/bangthe0.rc"]:22: Cannot currently process new keys (there is pending input) Partly explored, can't reach some places.
Lua error: [string "/dgldir/rcfiles/crawl-0.29/bangthe0.rc"]:22: Cannot currently process new keys (there is pending input) Partly explored, can't reach some places.
Lua error: [string "/dgldir/rcfiles/crawl-0.29/bangthe0.rc"]:22: Cannot currently process new keys (there is pending input) Partly explored, can't reach some places.
Lua error: [string "/dgldir/rcfiles/crawl-0.29/bangthe0.rc"]:22: Cannot currently process new keys (there is pending input) Partly explored, can't reach some places.
Lua error: [string "/dgldir/rcfiles/crawl-0.29/bangthe0.rc"]:22: Cannot currently process new keys (there is pending input) Partly explored, can't reach some places.
Lua error: [string "/dgldir/rcfiles/crawl-0.29/bangthe0.rc"]:22: Cannot currently process new keys (there is pending input) Partly explored, can't reach some places.
Lua error: [string "/dgldir/rcfiles/crawl-0.29/bangthe0.rc"]:22: Cannot currently process new keys (there is pending input) Partly explored, can't reach some places.
Infinite lua loop detected, aborting.
Are you sure you want to abandon this character and quit the game? (Confirm with "yes".)

#....## ################.##
#≈##.......# #.#.
##≈##.......# #.#.
##≈≈≈#.......#####.#.
#≈≈≈≈#....####.....#>
##########≈≈≈≈#......##.#####.
#........#≈~≈≈#..~~~.....~.~..
#........#≈~~@~~~~~~~~~≈~~≈~~.
#.........~≈≈.≈~≈~≈~~.~~~~≈≈≈.
###........~~≈≈≈~~.~~~.~~~~≈≈≈
#.......~~≈.≈.~~~~≈.~~~~≈≈≈≈
#........~~~.~......~.~#≈≈≈≈
#########..............##≈≈≈
#............+....###≈≈
#.###........#....# ##≈ #.#
#..).....#....# ≈≈


There were no monsters in sight!

Vanquished Creatures
  A ball python (D:1)
  3 endoplasms (D:1)
  A giant cockroach (D:1)
  6 hobgoblins (D:1)
  2 jackals (D:1)
  3 kobolds (D:1)
  4 bats (D:1)
  A frilled lizard (D:1)
  2 rats (D:1)
23 creatures vanquished.

Vanquished Creatures (others)
  A withered plant (D:1)
1 creature vanquished.

Grand Total: 24 creatures vanquished

Notes
Turn   | Place    | Note
-------+----------+-------------------------------------------
     0 | D:1      | bangthe0 the Minotaur Fighter began the quest for the Orb.
     0 | D:1      | Reached XP level 1. HP: 19/19 MP: 0/0
   180 | D:1      | Reached XP level 2. HP: 24/27 MP: 1/1
   773 | D:1      | Found a faded altar of an unknown god.
   896 | D:1      | Quit the game

Illustrated notes

Levels and vault maps discovered:
D:1:      dpeg_arrival_rhombi, layout_basic, serial_rivers,
          chequers_serial_rivers_micro_e, chequers_serial_rivers_large_a,
          chequers_serial_rivers_micro_b, chequers_serial_rivers_small_a,
          chequers_serial_rivers_large_b, ebering_ecumenical_altar_petrified,
          minmay_tree_intersection

Skill      XL: |  1  2 |
---------------+-------+-----
Shields        | 4 |  4.0
Fighting       | 4 |  4.0
Axes           | 3 |  3.0
Armour         | 4 |  4.0

Action                   || total
-------------------------++-------
Melee: War axe           ||    45
       Headbutt          ||     4
Armor: Scale mail        ||    26
Dodge: Dodged            ||    21
Block: Buckler           ||    10
